 Dungeon Crawl Stone Soup version 0.29.0-10-g45618ea6d2 (webtiles) character file.

Game seed: 14142124345002494528

19494 SensoryNuts the Carver (level 12, -6/138 (142) HPs)
             Began as a Demonspawn Fighter on Sept 2, 2022.
             Mangled by Urug
             ... wielding a +5 double sword
              (31 damage)
             ... on level 1 of the Lair of Beasts.
             The game lasted 00:19:11 (13012 turns).

SensoryNuts the Carver (Demonspawn Fighter)        Turns: 13012, Time: 00:19:12

HP:   -6/138 (142)  AC: 21    Str: 17    XL:     12   Next: 37%
MP:   12/12         EV:  7    Int: 10    God:
Gold: 891           SH:  6    Dex: 17    Spells: 11/11 levels left

rFire   . . .      SeeInvis +   L - +1 scimitar (flame)
rCold   . . .      Faith    .   c - +0 buckler
rNeg    . . .      Spirit   .   S - +1 plate armour
rPois   +          Reflect  .   (no helmet)
rElec   .          Harm     .   A - scarf {repulsion}
rCorr   .          Rampage  .   w - +0 pair of gloves
Will    .....                   k - +1 pair of boots
Stlth   ..........              E - amulet of regeneration
HPRegen 1.13/turn               n - ring of poison resistance
MPRegen 0.13/turn               N - ring of see invisible

@: berserking, lightly drained, repel missiles, very quick
A: claws 1, molten scales 2, demonic guardian 2, powered by death 2
a: no special abilities


You were on level 1 of the Lair of Beasts.
You visited 3 branches of the dungeon, and saw 13 of its levels.
You also visited: Ossuary.

You collected 891 gold pieces.

Inventory:

Hand Weapons
 L - a +1 scimitar of flaming (weapon)
Missiles
 r - a throwing net (quivered)
Armour
 c - a +0 buckler (worn)
 k - a +1 pair of boots (worn)
 w - a +0 pair of gloves (worn)
 A - a scarf of repulsion (worn)
 S - a +1 plate armour (worn)
Jewellery
 b - a ring of willpower
 j - an amulet of the acrobat
 n - a ring of poison resistance (left hand)
 E - an amulet of regeneration (around neck)
 N - a ring of see invisible (right hand)
Wands
 p - a wand of roots (6)
 v - a wand of flame (17)
 O - a wand of digging (4)
 R - a wand of charming (15)
Scrolls
 d - 6 scrolls of vulnerability
 e - 4 scrolls of fear
 f - 7 scrolls of teleportation
 o - a scroll of torment
 t - 3 scrolls of poison
 B - 2 scrolls of amnesia
 D - a scroll of blinking
 K - a scroll of immolation
Potions
 a - 6 potions of mutation
 g - 2 potions of cancellation
 h - 2 potions of lignification
 i - a potion of ambrosia
 l - a potion of invisibility
 m - 4 potions of degeneration
 q - 2 potions of flight
 s - 3 potions of attraction
 u - a potion of magic
 x - 3 potions of brilliance
 z - a potion of resistance
 C - 3 potions of curing


   Skills:
 + Level 9.1 Fighting
 * Level 13.5 Long Blades
 + Level 8.8 Armour
 + Level 3.8 Dodging
 + Level 1.9 Stealth
 + Level 6.1 Shields


You had 11 spell levels left.
You didn't know any spells.
Your spell library contained the following spells:

 Spells                   Type           Power      Damage    Failure   Level
 Necrotise                Necr           0%         1d4       100%        1
 Sublimation of Blood     Necr           0%         N/A       100%        2
 Wereblood                Tmut           0%         N/A       100%        2
 Gell's Gravitas          Tloc           0%         N/A       100%        3
 Lesser Beckoning         Tloc           0%         N/A       100%        3
 Stone Arrow              Conj/Erth      0%         3d7       100%        3
 Teleport Other           Tloc           0%         N/A       100%        3
 Vampiric Draining        Necr           0%         2d6       100%        3
 Animate Armour           Summ/Erth      0%         N/A       100%        4
 Olgreb's Toxic Radiance  Pois           0%         N/A       100%        4
 Agony                    Necr           0%         N/A       100%        5
 Freezing Cloud           Conj/Ice/Air   0%         6-21      100%        5
 Simulacrum               Ice/Necr       0%         N/A       100%        6
 Ozocubu's Refrigeration  Ice            0%         4d7       100%        7
 Summon Hydra             Summ           0%         N/A       100%        7
 Ignition                 Fire           0%         3d3       100%        8
 Lehudib's Crystal Spear  Conj/Erth      0%         10d2      100%        8
 Polar Vortex             Ice            0%         N/A       100%        9


Dungeon Overview and Level Annotations

Branches:
Dungeon (11/15)            Temple (1/1) D:7            Lair (1/5) D:11
    Orc (0/2) D:10        Ossuary (visited)

Altars:
Ashenzari
Cheibriados
Dithmenos
Fedhas
Gozag
Hepliaklqana
Kikubaaqudgha
Makhleb
Nemelex Xobeh
Okawaru
Qazlal
Ru
Sif Muna
Trog
Uskayaw
Vehumet
Wu Jian
Xom
Yredelemnul

Annotations:
Lair:1 Urug


Innate Abilities, Weirdness & Mutations

You have sharp fingernails.
You are mostly covered in molten scales. (AC +3)
A demonic guardian rushes to your aid.
You regenerate health from kills.


Message History

Urug hits you with a +5 double sword!!
You are too injured to fight recklessly!
You are too injured to fight recklessly!
You are too injured to fight recklessly!
You are too injured to fight recklessly!
You are too injured to fight recklessly!
You are too injured to fight recklessly!
You are too injured to fight recklessly!
You are too injured to fight recklessly!
You are too injured to fight recklessly!
You are too injured to fight recklessly!
You are too injured to fight recklessly!
You are too injured to fight recklessly!
Unknown command.
A red film seems to cover your vision as you go berserk!
You feel yourself moving faster!
You feel mighty!
The water moccasin bites you but does no damage. x2
Urug hits you with a +5 double sword.
* * * LOW HITPOINT WARNING * * *
You closely miss Urug. The water moccasin closely misses you.
You slash Urug! You burn Urug.
Urug is moderately wounded.
Urug hits you with a +5 double sword!
* * * LOW HITPOINT WARNING * * *
You hit Urug. You burn Urug.
Urug is moderately wounded.
The water moccasin bites you!
* * * LOW HITPOINT WARNING * * *
A demonic guardian appears!
You closely miss Urug.
Urug is moderately wounded.
You block Urug's attack. The water moccasin closely misses you.
You slice Urug!! You burn Urug!
Urug is almost dead.
The water moccasin bites you but does no damage.
Your rust devil misses the water moccasin.
You closely miss Urug.
Urug is almost dead.
Urug hits you with a +5 double sword!!
You die...

.............P##...
.............##
...#... .............#
....... ###..........#
..P#... ######...###
##.......
#P...#####........ #
##..........>..... #
#.........4....... .#
##........@S...... ##
#.....##..o...... ##
#.##..###........ P#
#.P...#P##....... ####
##........ ...#...
##.####..#...... ...#
..
........}.............
#
....................##
........##......


You could see Urug, a water moccasin (ally target) and a friendly rust devil
(summoned).

Vanquished Creatures
  Josephine (D:10)
  Erica (D:8)
  A centaur warrior (D:10)
  3 two-headed ogres
  An ugly thing (D:11)
  A gargoyle (D:11)
  2 komodo dragons
  3 trolls
  A hornet (D:8)
  Grinder (D:4)
  Sigmund (D:6)
  6 wraiths
  A shadow (D:9)
  26 yaks
  6 humans
  2 steam dragons (D:8)
  3 wyverns
  A basilisk (D:11)
  3 vampire mosquitoes (D:11)
  2 acid dragons
  4 water moccasins
  A black bear (D:6)
  2 orc warriors
  A sky beast (D:7)
  An ice beast (D:7)
  An ogre (D:7)
  3 centaurs
  A phantom (D:5)
  A kobold brigand (D:8)
  2 elf zombies (Ossuary)
  4 bullfrogs
  4 scorpions
  5 wights (D:7)
  6 killer bees
  3 howler monkeys
  4 centaur zombies (Ossuary)
  A hound (D:5)
  3 gnoll boudas
  2 orc priests (D:9)
  6 human zombies (Ossuary)
  Crazy Yiuf (D:2)
  7 hell rats
  9 orc wizards
  3 iguanas
  3 mummies (Ossuary)
  Robin (D:2)
  12 adders
  9 gnolls
  A shadow imp (D:6)
  3 ufetubi
  3 worms
  5 dart slugs
  41 orcs
  3 endoplasms
  5 giant cockroaches
  6 goblins
  12 hobgoblins
  3 jackals (D:2)
  9 kobolds
  A quokka (D:3)
  7 ball pythons
  5 bats (D:1)
  2 frilled lizards (D:1)
  4 rats
276 creatures vanquished.

Vanquished Creatures (collateral kills)
  A two-headed ogre (D:10)
  A troll (D:11)
  A hornet (D:8)
  A wraith (D:10)
  7 yaks
  A black bear (D:5)
  2 howler monkeys
  2 iguanas (D:5)
  A gnoll (D:5)
  9 orcs
  A jackal (D:2)
27 creatures vanquished.

Vanquished Creatures (others)
  Maurice (D:11)
  An orc warrior (D:11)
  An orc wizard (D:5)
  2 fungi (Lair:1)
  15 plants
20 creatures vanquished.

Grand Total: 323 creatures vanquished

Notes
Turn   | Place    | Note
-------+----------+-------------------------------------------
     0 | D:1      | SensoryNuts the Demonspawn Fighter began the quest for the
                  | Orb.
     0 | D:1      | Reached XP level 1. HP: 18/18 MP: 1/1
   374 | D:1      | Reached skill level 2 in Long Blades
   374 | D:1      | Gained mutation: You are partially covered in molten
                  | scales. (AC +2) [demonic ancestry]
   374 | D:1      | Reached XP level 2. HP: 23/24 MP: 2/2
   887 | D:2      | Noticed Robin
   912 | D:1      | Gained mutation: A weak demonic guardian rushes to your
                  | aid. [demonic ancestry]
   912 | D:1      | Reached XP level 3. HP: 13/29 MP: 3/3
  1115 | D:2      | Killed Robin
  1233 | D:2      | Found a faded altar of an unknown god.
  1249 | D:2      | Reached skill level 3 in Long Blades
  1253 | D:2      | Gained mutation: A demonic guardian rushes to your aid.
                  | [demonic ancestry]
  1253 | D:2      | Reached XP level 4. HP: 30/35 MP: 4/4
  1490 | D:2      | Identified the +0 buckler "Tadgh" {*Corrode Int+4 Stlth+}
  1895 | D:2      | Found a runed translucent door.
  1896 | D:2      | Noticed Crazy Yiuf
  2031 | D:2      | Killed Crazy Yiuf
  2157 | D:2      | Gained mutation: You are mostly covered in molten scales.
                  | (AC +3) [demonic ancestry]
  2157 | D:2      | Reached XP level 5. HP: 26/38 MP: 5/5
  2814 | D:3      | Reached skill level 4 in Long Blades
  3342 | D:4      | Noticed Grinder
  3344 | D:4      | Paralysed by Grinder for 2 turns
  3351 | D:4      | Killed Grinder
  3352 | D:4      | Reached skill level 1 in Dodging
  3352 | D:4      | Reached XP level 6. HP: 42/48 MP: 6/6
  3411 | D:4      | Found a sand-covered staircase.
  3420 | Ossuary  | Entered an ossuary
  3452 | Ossuary  | Reached skill level 5 in Long Blades
  3467 | Ossuary  | Reached XP level 7. HP: 45/53 MP: 7/7
  3565 | Ossuary  | Reached skill level 6 in Long Blades
  4602 | D:5      | Entered Level 5 of the Dungeon
  4702 | D:5      | Gained mutation: You regenerate a little health from kills.
                  | [demonic ancestry]
  4702 | D:5      | Reached XP level 8. HP: 60/60 MP: 8/8
  4754 | D:5      | Reached skill level 7 in Long Blades
  4800 | D:5      | Found a stormy altar of Qazlal.
  5238 | D:5      | Found a sacrificial altar of Ru.
  5556 | D:6      | Reached skill level 8 in Long Blades
  5791 | D:6      | Found a shimmering altar of Xom.
  5833 | D:6      | Reached skill level 5 in Fighting
  5936 | D:6      | Gained mutation: You have sharp fingernails. [demonic
                  | ancestry]
  5936 | D:6      | Reached XP level 9. HP: 65/68 MP: 9/9
  5974 | D:6      | You fall into a shaft and drop 2 floors!
  5985 | D:8      | Paralysed by a hornet for 2 turns
  5989 | D:8      | Reached skill level 9 in Long Blades
  5989 | D:8      | Reached skill level 5 in Armour
  5989 | D:8      | Reached skill level 1 in Stealth
  6126 | D:8      | Found a snail-covered altar of Cheibriados.
  6491 | D:6      | Found a hazy altar of Hepliaklqana.
  6491 | D:6      | Found a hide-covered altar of Uskayaw.
  6521 | D:6      | Found a stormy altar of Qazlal.
  6545 | D:7      | Found a staircase to the Ecumenical Temple.
  7103 | D:7      | Reached skill level 10 in Long Blades
  7447 | D:6      | Reached XP level 10. HP: 41/76 MP: 10/10
  7509 | D:6      | Noticed Sigmund
  7518 | D:6      | Killed Sigmund
  7968 | D:8      | Found a blossoming altar of Fedhas.
  8206 | D:8      | Noticed Erica
  8223 | D:8      | Killed Erica
  8644 | D:9      | Found an iron altar of Okawaru.
  8661 | D:9      | Reached skill level 11 in Long Blades
  8814 | D:9      | Noticed a two-headed ogre
  8916 | D:8      | Killed a two-headed ogre
  8917 | D:8      | Reached skill level 5 in Shields
  9022 | D:9      | Reached XP level 11. HP: 39/84 MP: 11/11
  9253 | D:9      | Reached skill level 12 in Long Blades
  9932 | D:10     | Entered Level 10 of the Dungeon
 10230 | D:10     | Noticed a two-headed ogre
 10240 | D:10     | Killed a two-headed ogre
 10426 | D:10     | Found a staircase to the Orcish Mines.
 10566 | D:10     | Noticed a centaur warrior
 10577 | D:10     | Killed a centaur warrior
 10701 | D:10     | Noticed a two-headed ogre
 10707 | D:10     | Killed a two-headed ogre
 10913 | Temple   | Entered the Ecumenical Temple
 11442 | D:11     | Noticed Maurice
 11446 | D:11     | Noticed a two-headed ogre
 11520 | D:10     | Killed a two-headed ogre
 11612 | D:11     | Killed Maurice
 11613 | D:11     | Reached skill level 13 in Long Blades
 11701 | D:11     | Noticed Josephine
 11760 | D:10     | Killed Josephine
 11849 | D:11     | Gained mutation: You regenerate health from kills. [demonic
                  | ancestry]
 11849 | D:11     | Reached XP level 12. HP: 78/91 MP: 12/12
 12128 | D:11     | Found a staircase to the Lair.
 12332 | D:11     | Identified the +1 leather armour of Ramad {rPois}
 12518 | Lair:1   | Entered Level 1 of the Lair of Beasts
 12996 | Lair:1   | Noticed Urug
 13012 | Lair:1   | Mangled by Urug

Illustrated notes

Levels and vault maps discovered:
D:1:      eino_arrival_cavern_d, layout_basic, minmay_misc_feat_chi
D:2:      layout_loops_ring, shapermc_ecumenical_altar_mp_highgroup,
          minmay_pentomino_r2, uniq_crazy_yiuf_cottage, uniq_robin
D:3:      layout_basic
D:4:      layout_loops_cross, lightli_ossuary_entry_decrepit_ruins,
          moated_statue, uniq_grinder
D:5:      layout_cave_pods, nicolae_ru_the_path_less_chosen,
          dreamdust_wishing_well, minmay_ruined_shrine
D:6:      layout_loops_cross, mainiacjoe_overflow_small_starburst,
          kennysheep_mini, nicolae_overflow_hidden_temple, minmay_ruffians,
          uniq_sigmund
D:7:      layout_cave_pods, minmay_temple_entry_steel_oval,
          hangedman_decor_push, minmay_starry_boxes
D:8:      layout_basic, mainiacjoe_overflow_tiny_flanked,
          mainiacjoe_overflow_boulevard, uniq_erica
D:9:      layout_gridville, okawaru_humans, minmay_between
D:10:     layout_loops_cross, orc_0_dummy
D:11:     wad_river_or_something, layout_basic, dpeg_oklobed_lair, uniq_maurice,
          uniq_josephine
Temple:   oiseaux_autumnal_temple
Lair:1:   layout_gridlike, basic_altar, st_stairs_12, uniq_urug

Skill      XL: |  1  2  3  4  5  6  7  8  9 10 11 12 |
---------------+-------------------------------------+-----
Long Blades    | 2 3 4 5 6 8 10 11 13 | 13.5
Armour         | 3 4 5 6 8 |  8.8
Shields        | 3 4 5 6 |  6.1
Dodging        | 1 2 3 |  3.8
Fighting       | 4 5 6 7 8 9 |  9.1
Stealth        | 1 |  1.9

Action                   |  1- 3 |  4- 6 |  7- 9 | 10-12 || total
-------------------------+-------+-------+-------+-------++-------
Melee: Long sword        |   120 |   154 |   373 |    60 ||   707
       Scimitar          |       |       |       |   570 ||   570
  Use: Potion            |     1 |     2 |       |    10 ||    13
       Scroll            |       |    12 |    10 |    12 ||    34
 Stab: Distracted        |       |       |     1 |     2 ||     3
Armor: Scale mail        |    83 |   119 |   214 |    88 ||   504
       Plate armour      |       |       |       |   278 ||   278
Dodge: Dodged            |    65 |    72 |   192 |   228 ||   557
       Repelled          |       |       |       |     2 ||     2
Block: Buckler           |    27 |    33 |    99 |   177 ||   336
